 Dungeon Crawl Stone Soup version 0.17.0-56-gd8de76c (webtiles) character file.

127 GeneralIdiocy the Insei (level 4, 0/35 HPs)
             Began as a Demonspawn Monk on Dec 6, 2015.
             Slain by Sigmund
             ... wielding a +0 scythe of slicing
              (2 damage)
             ... on level 3 of the Dungeon.
             The game lasted 00:02:44 (1689 turns).

GeneralIdiocy the Insei (Demonspawn Monk)           Turns: 1689, Time: 00:02:44

Health: 0/35       AC:  6    Str: 11    XL:     4   Next: 85%
Magic:  4/4        EV: 16    Int: 12    God:
Gold:   128        SH:  0    Dex: 21    Spells: 0 memorised, 3 levels left

rFire  . . .     SeeInvis .       - Unarmed
rCold  . . .     Clarity  .     a - +0 scale mail
rNeg   . . .     SustAt   .     (no shield)
rPois  .         Gourm    .     (no helmet)
rElec  .         Spirit   .     (no cloak)
rCorr  .         Warding  .     (no gloves)
rMut   .         Stasis   .     (no boots)
MR     .....                    (no amulet)
Stlth  ++........               (no ring)
                                e - +1 ring of evasion

@: confused, agile, not resistant to hostile enchantments, unstealthy
A: nightstalker 1, powered by pain 1
a: no special abilities


You were on level 3 of the Dungeon.
You were hungry.

You visited 1 branch of the dungeon, and saw 4 of its levels.

You collected 128 gold pieces.

Inventory:

Armour
 a - a +0 scale mail (worn)
Jewellery
 e - a +1 ring of evasion (left hand)
 j - an uncursed ring of sustain attributes {unknown}
Scrolls
 f - a scroll of identify
Potions
 c - 2 potions of degeneration
 d - a potion of ambrosia
 g - a potion of mutation
 i - a potion of heal wounds
 l - a potion of magic {unknown}
Comestibles
 b - a bread ration
 h - 4 fruits
 k - a royal jelly


   Skills:
 - Level 3.0 Fighting
 - Level 2.6 Dodging
 - Level 1.7 Stealth
 + Level 5.7 Unarmed Combat


You had 3 spell levels left.
You didn't know any spells.

Dungeon Overview and Level Annotations

Branches:
Dungeon (4/15)
 Temple: D:4-7

Altars:
Dithmenos

Annotations:
D:3 Sigmund; sugabear's ghost, amateur GrGl


Innate Abilities, Weirdness & Mutations

You are slightly more attuned to the shadows.
You sometimes gain a little power by taking damage.


Message History

Read which item? (? for menu, Esc to quit)
Identify which item? (\ to view known items) (? for menu, Esc to quit)
As you read the scroll of identify, it crumbles to dust.
i - a potion of heal wounds Sigmund drinks a potion.
Sigmund seems to grow stronger.
You barely miss Sigmund.
Sigmund hits you with a scythe of slicing!
You closely miss Sigmund. You punch Sigmund!
Sigmund is moderately wounded.
Sigmund hits you with a scythe of slicing!
Drink which item? (? for menu, Esc to quit)
You are confused.
You feel invigorated.
Sigmund hits you with a scythe of slicing!!
Ouch! That really hurt!
* * * LOW HITPOINT WARNING * * *
You focus on the pain.
You feel agile all of a sudden.
You die...

#.#..# #.#..#
###.#..#####.####.#
##.................###
)...>.[.#####.##.....##
#)......# #.#...##..##
#.......# #.#..##....#
.....##.# #...@#._...#
###.###.# #.@##....#
#.# #.# #...##..# #.#
#.# ##.....## # #.#
#%..### #.# #..## #.#
#..#
#.###.########..#####
#.......##......#...#
#####...............#


You could see Sigmund.

Vanquished Creatures
  Terence (D:3)
  3 gnolls (D:2)
  2 adders
  An ooze (D:1)
  2 worms (D:2)
  6 orcs
  3 giant cockroaches
  3 goblins
  4 hobgoblins
  A ball python (D:1)
  2 bats
  4 giant geckos
  3 kobolds
  4 rats
39 creatures vanquished.

Notes
Turn   | Place    | Note
--------------------------------------------------------------
     0 | D:1      | GeneralIdiocy the Demonspawn Monk began the quest for the Orb.
     0 | D:1      | Reached XP level 1. HP: 18/18 MP: 1/1
   195 | D:1      | Reached skill level 4 in Unarmed Combat
   244 | D:1      | Gained mutation: You are slightly more attuned to the shadows. [demonic ancestry]
   244 | D:1      | Reached XP level 2. HP: 22/24 MP: 2/2
   803 | D:2      | Reached XP level 3. HP: 24/29 MP: 3/3
  1097 | D:2      | Reached skill level 5 in Unarmed Combat
  1103 | D:2      | Gained mutation: You sometimes gain a little power by taking damage. [demonic ancestry]
  1103 | D:2      | Reached XP level 4. HP: 28/35 MP: 4/4
  1118 | D:2      | You fall through a shaft for 2 floors!
  1149 | D:3      | Noticed sugabear's ghost (amateur GrGl)
  1366 | D:3      | Noticed Terence
  1387 | D:3      | Killed Terence
  1675 | D:3      | Found a shadowy altar of Dithmenos.
  1677 | D:3      | Noticed Sigmund
  1689 | D:3      | Slain by Sigmund

Action                   |  1- 3 |  4- 6 || total
-------------------------+-------+-------++-------
Melee: Unarmed           |   115 |    60 ||   175
  Use: Scroll            |       |     4 ||     4
       Potion            |       |     1 ||     1
 Stab: Sleeping          |     3 |     1 ||     4
  Eat: Chunk             |       |     2 ||     2
